 Dungeon Crawl Stone Soup version 0.27.1-2-g3b301248ec (webtiles) character file.

Game seed: 17537932051765722473

233345 Rickety the Black Belt (level 19, -3/148 HPs)
             Began as a Gnoll Conjurer on Oct 1, 2021.
             Was the Champion of Vehumet.
             Killed from afar by a deep elf sorcerer (41 damage)
             ... with damnation
             ... on level 3 of the Elven Halls.
             The game lasted 03:16:01 (55949 turns).

Rickety the Black Belt (Gnoll Conjurer)            Turns: 55949, Time: 03:16:02

Health: -3/148     AC: 11    Str:  8    XL:     19   Next: 56%
Magic:  31/36      EV: 17    Int: 30    God:    Vehumet [******]
Gold:   857        SH: 12    Dex: 11    Spells: 7/45 levels left

rFire    . . .     SeeInvis .   a - staff of conjuration
rCold    . . .     Faith    .   A - +0 buckler
rNeg     . . .     Spirit   .   X - +2 robe {Archmagi}
rPois    +         Reflect  +   p - +2 hat
rElec    .         Harm     .   w - +0 cloak
rCorr    .         Rampage  .   q - +0 pair of gloves
Will     +....     Archmagi +   j - +0 pair of boots
Stlth    +++++.....             x - amulet of reflection
HPRegen  0.34/turn              l - ring of poison resistance
MPRegen  0.25/turn              L - +6 ring of intelligence

@: studying Unarmed Combat
A: fangs 1, strong nose, distributed training
}: 1/15 runes: serpentine
a: Renounce Religion


You were on level 3 of the Elven Halls.
You worshipped Vehumet.
Vehumet was exalted by your worship.
You visited 6 branches of the dungeon, and saw 31 of its levels.
You visited the Abyss 2 times.
You also visited: Bailey and Volcano.

You collected 3017 gold pieces.
You spent 2160 gold pieces at shops.

Inventory:

Missiles
 e - 6 datura-tipped darts
 t - 3 throwing nets
 I - 9 curare-tipped darts
 R - 10 atropa-tipped darts
Armour
 j - a +0 pair of boots (worn)
 p - a +2 hat (worn)
 q - a +0 pair of gloves (worn)
 w - a +0 cloak (worn)
 A - a +0 buckler (worn)
 H - a +2 robe of resistance
 M - a +0 troll leather armour
 V - a +2 leather armour of positive energy
 X - a +2 robe of the Archmagi (worn)
Magical Staves
 a - a staff of conjuration (weapon)
Jewellery
 c - a +6 ring of dexterity
 l - a ring of poison resistance (left hand)
 x - an amulet of reflection (around neck)
 z - a ring of protection from fire
 B - a ring of willpower
 L - a +6 ring of intelligence (right hand)
 N - a ring of protection from cold
 Q - a ring of see invisible
 U - a ring of protection from cold
 W - a ring of ice
Wands
 f - a wand of digging (5)
 u - a wand of flame (99)
 v - a wand of paralysis (18)
 C - a wand of polymorph (18)
 G - a wand of iceblast (52)
 K - a wand of acid (13)
Scrolls
 b - a scroll of enchant armour
 g - 5 scrolls of magic mapping
 r - 3 scrolls of identify
 y - 6 scrolls of teleportation
 E - 4 scrolls of fog
 J - 2 scrolls of fear
 P - a scroll of enchant weapon
Potions
 d - 28 potions of curing
 h - 9 potions of haste
 k - 4 potions of flight
 m - 5 potions of brilliance
 n - 9 potions of heal wounds
 o - 3 potions of resistance
 F - 4 potions of berserk rage
 S - 7 potions of ambrosia
 T - 4 potions of invisibility
 Y - 2 potions of magic
Miscellaneous
 i - a lightning rod (4/4)
 s - a tin of tremorstones (1/2)
 D - a phial of floods
 O - a condenser vane


   Skills:
 + Level 12.9 Fighting
 + Level 12.9 Short Blades
 + Level 12.9 Long Blades
 + Level 12.9 Axes
 + Level 12.9 Maces & Flails
 + Level 12.9 Polearms
 + Level 12.9 Staves
 + Level 12.9 Slings
 + Level 12.9 Bows
 + Level 12.9 Crossbows
 + Level 12.9 Throwing
 + Level 12.9 Armour
 + Level 13.5 Dodging
 + Level 13.4 Stealth
 + Level 12.9 Shields
 + Level 17.2 Unarmed Combat
 + Level 13.6 Spellcasting
 + Level 12.8 Conjurations
 + Level 11.0 Hexes
 + Level 11.0 Summonings
 + Level 11.0 Necromancy
 + Level 11.0 Translocations
 + Level 11.0 Transmutations
 + Level 11.0 Fire Magic
 + Level 11.0 Ice Magic
 + Level 11.0 Air Magic
 + Level 11.0 Earth Magic
 + Level 11.0 Poison Magic
 + Level 13.9 Invocations
 + Level 12.9 Evocations


You had 7 spell levels left.
You knew the following spells:

 Your Spells              Type           Power      Damage    Failure   Level
g - Summon Guardian Gole  Hex/Summ       92%        N/A       1%          3
k - Iskenderun's Mystic   Conj/Tloc      100%       2d19      1%          4
l - Lee's Rapid Deconstr  Erth           46%        3d23*     1%          5
n - Fulminant Prism       Conj/Hex       59%        3d25      1%          4
r - Searing Ray           Conj           100%       3d7       0%          2
s - Iron Shot             Conj/Erth      59%        9d11      1%          6
x - Olgreb's Toxic Radia  Pois           92%        N/A       1%          4
F - Freezing Cloud        Conj/Ice/Air   58%        6-21      1%          5
G - Ignite Poison         Fire/Tmut/Pois 92%        N/A       1%          3
M - Sublimation of Blood  Necr           46%        N/A       1%          2

Your spell library contained the following spells:

 Spells                   Type           Power      Damage    Failure   Level
 Lehudib's Crystal Spear  Conj/Erth      59%        10d14     28%         8
 Magic Dart               Conj           100%       1d8       0%          1
 Corona                   Hex            100%       N/A       1%          1
 Freeze                   Ice            100%       1d11      1%          1
 Sting                    Tmut/Pois      100%       1d8       1%          1
 Summon Small Mammal      Summ           100%       N/A       1%          1
 Corpse Rot               Necr/Air       N/A        N/A       1%          2
 Ensorcelled Hibernation  Hex/Ice        100%       N/A       1%          2
 Poisonous Vapours        Pois/Air       100%       N/A       1%          2
 Call Canine Familiar     Summ           92%        N/A       1%          3
 Conjure Flame            Conj/Fire      100%       6-21      1%          3
 Dazzling Flash           Conj/Hex       100%       N/A       1%          3
 Frozen Ramparts          Ice            100%       1d12      1%          3
 Inner Flame              Hex/Fire       92%        N/A       1%          3
 Ozocubu's Armour         Ice            92%        N/A       1%          3
 Tukima's Dance           Hex            92%        N/A       1%          3
 Cause Fear               Hex            46%        N/A       1%          4
 Hailstorm                Conj/Ice       100%       3d20      1%          4
 Leda's Liquefaction      Hex/Erth       46%        N/A       1%          4
 Petrify                  Tmut/Erth      92%        N/A       1%          4
 Sticky Flame             Conj/Fire      100%       2d11      1%          4
 Summon Ice Beast         Ice/Summ       92%        N/A       1%          4
 Bolt of Magma            Conj/Fire/Erth 58%        4d23      1%          5
 Irradiate                Conj/Tmut      59%        3d33      1%          5
 Metabolic Englaciation   Hex/Ice        46%        N/A       1%          5
 Summon Forest            Summ/Tloc      46%        N/A       1%          5
 Summon Mana Viper        Hex/Summ       92%        N/A       1%          5
 Shadow Creatures         Summ           N/A        N/A       3%          6
 Statue Form              Tmut/Erth      61%        N/A       3%          6
 Ozocubu's Refrigeration  Ice            46%        4d14      6%          7
 Monstrous Menagerie      Summ           46%        N/A       22%         7
 Discord                  Hex            46%        N/A       86%         8


Dungeon Overview and Level Annotations

Branches:
Dungeon (15/15)            Temple (1/1) D:5            Lair (6/6) D:10
 Shoals (0/4) Lair:2        Snake (4/4) Lair:4        Slime (0/5) Lair:6
    Orc (2/2) D:11            Elf (3/3) Orc:2        Vaults (0/5) D:13
 Depths (0/5) D:15         Bailey (visited)         Volcano (visited)

Altars:
Ashenzari
Cheibriados
Dithmenos
Elyvilon
Fedhas
Gozag
Hepliaklqana
Kikubaaqudgha
Makhleb
Nemelex Xobeh
Okawaru
Qazlal
Ru
Sif Muna
Trog
Uskayaw
Vehumet
Wu Jian
Xom
Yredelemnul
Zin
The Shining One
Beogh
Lugonu

Shops:
Orc:2 ![!!*   Elf:2 !=!*   Elf:3 [

Portals:
Abyss: Lair:6

Annotations:
Elf:2 3 runed translucent doors
Elf:3 1 exclusion


Innate Abilities, Weirdness & Mutations

You have very sharp teeth.
Your uncanny sense of smell can sniff out nearby items.
Your experience applies equally to all skills.


Message History

Your guardian golem overheats!
A blink frog comes into view.
There is an open door here.
Aiming: Iron Shot (mildly dangerous; 1% risk of failure)
Press: ? - help, Q - select action, (/) - cycle Shift-Dir - straight line, f - blink frog
Aim: a blink frog (63% to hit)
You feel a strong surge of power!
The iron shot hits the blink frog!!!
You kill the blink frog!
Vehumet accepts your kill.
You feel your power returning.
The blink frog's shape twists and changes as it dies.
The earth elemental hits your guardian golem!!
Flame seeps out of your guardian golem.
Your guardian golem is engulfed in blazing flames.
Flame seeps out of your guardian golem.
Some walls begin to move on their own!
You see here a glowing shapeshifter corpse.
Some walls begin to move on their own!
The fireball explodes!
The fireball engulfs your guardian golem!
Your guardian golem resists.
Your guardian golem explodes!
You hear a shout!
There is an open door here.
Some walls begin to move on their own!
You hear a shout!
Unknown command.
Casting: Iron Shot (mildly dangerous; 1% risk of failure)
Confirm with . or Enter, or press ? or * to list all spells.
You feel a surge of power!
You begin to radiate toxic energy.
Unknown command.
Unknown command.
As you read the scroll of teleportation, it crumbles to dust.
You feel strangely unstable. You block the earth elemental's attack.
Your toxic aura wanes.
Your surroundings suddenly seem different. 2 dancing weapons and 4 elves come into view.
The deep elf blademaster is wielding two +0 rapiers of venom.
There is a +4 hand axe of flaming.
There is a +3 antimagic flail.
The deep elf sorcerer casts a spell at you.
The sphere of damnation explodes!
The damnation engulfs you!!!
You die...

.## #.#
*,,***,,,,***,,,,*#4
## #.#
*,,,.###*##,,,,,,,#e
# ###'#
**,,...##..,,,,,,.)4
#...#
*,,.......,,,,..e..
#...#
**,..e(.e.,,....).#
####...####
*,.......,,....#.*
'.........#
**......e,,ee.###,
#....P....#
##.......,,)##*,,,
#.........#
#@.....e.,,,,,,,,,
####...####
*#........,,,,⌠,,,,
#...#
*........(,,,,,,,,,
#...#
*#.⌠...##..,,,,,,,,,
#####
*....###**#,,,,,,,,,
#..### ***,,,,,,,
###* *+******
*,,,,,,, **,,,,,,


You could see a deep elf blademaster (wandering), a deep elf annihilator
(wandering), a deep elf sorcerer, a deep elf demonologist and 2 dancing weapons.

Vanquished Creatures
  Vashnia (Snake:3)
  Saint Roka (Snake:3)
  Asterion (Snake:3)
  A tentacled starspawn (Abyss:3)
  The ghost of bnorton916 the Earth Mage, an adept DECj of Ashenzari (Snake:4)
  Donald (Snake:2)
  3 nagarajas
  Roxanne (Snake:4)
  A deep elf sorcerer (Elf:3)
  Louise (D:15)
  Aizul (Snake:3)
  3 deep elf elementalists (Elf:3)
  Nessos (D:12)
  3 deep elf demonologists
  Azrael (Snake:2)
  2 deep elf annihilators (Elf:3)
  2 deep elf death magi
  The ghost of reversiblehash the Blocker, a journeyman MiFi of Gozag (D:11)
  4 deep elf high priests
  10 hydras
  A vault guard (D:13)
  Harold (Lair:2)
  6 naga warriors
  4 salamander tyrants
  Erolcha (D:9)
  2 catoblepae (Lair:2)
  An ogre mage (Volcano)
  A boulder beetle (D:12)
  Fannar (Orc:1)
  5 death yaks (Lair:5)
  11 anacondas
  10 two-headed ogres
  8 centaur warriors
  10 dancing weapons
  Erica (D:11)
  5 tengu warriors
  3 orc high priests (Orc:2)
  10 shock serpents
  3 thrashing horrors (Lair:6)
  8 naga sharpshooters
  Sonja (Lair:3)
  10 deep elf knights
  A hell knight (Volcano)
  7 salamander mystics
  A spatial maelstrom (Abyss:3)
  7 naga ritualists
  4 skeletal warriors (D:14)
  4 lindwurms (Snake:4)
  12 deep elf archers
  2 wizards (D:15)
  25 deep elf pyromancers
  A wolf spider zombie (D:15)
  23 deep elf zephyrmancers
  16 mana vipers
  A necromancer (D:15)
  6 orc sorcerers
  5 orc knights (Orc:2)
  17 ugly things
  16 salamanders
  3 manticores
  5 cyclopes
  A worldbinder (Abyss:3)
  40 black mambas
  2 smoke demons
  16 cane toads
  6 guardian serpents
  8 naga magi
  3 gargoyles (D:12)
  A kobold demonologist (D:7)
  2 rime drakes
  An efreet (D:13)
  13 komodo dragons
  A tengu conjurer (D:15)
  An ancient zyme (Lair:6)
  4 yaktaurs (D:14)
  6 trolls
  A hornet (shapeshifter) (D:13)
  A blink frog (shapeshifter) (Elf:3)
  13 blink frogs
  A wolf spider simulacrum (D:15)
  2 polar bears
  A meliai zombie (D:13)
  6 slime creatures
  5 dream sheep (Lair:6)
  2 spectral black mambas (Snake:4)
  3 air elementals
  4 ynoxinuls
  A shock serpent simulacrum (Snake:4)
  A shadow (D:11)
  5 wyverns
  A vampire (D:12)
  2 spriggans (Lair:6)
  10 wraiths
  A centaur simulacrum (D:13)
  7 fire elementals
  5 basilisks
  10 humans (D:13)
  4 water elementals (D:15)
  57 yaks
  A steam dragon (D:7)
  2 spectral salamanders (Snake:4)
  7 vampire mosquitoes
  A neqoxec (Abyss:3)
  3 chaos spawn
  30 nagas
  An acid dragon (D:11)
  2 wargs
  4 large abominations
  3 spectral nagas (Snake:4)
  A meliai simulacrum (D:15)
  3 hell hounds (Snake:2)
  11 water moccasins
  A black bear (shapeshifter) (Elf:1)
  2 ice beasts (D:7)
  3 black bears
  A black mamba simulacrum (Snake:4)
  8 ogres
  A necrophage (D:8)
  36 orc warriors
  17 wolves
  19 centaurs
  A phantom (D:7)
  2 kobold brigands
  3 gnoll sergeants
  2 wyvern zombies (D:7)
  An earth elemental (Elf:1)
  6 scorpions
  A naga simulacrum (Snake:4)
  11 bullfrogs
  9 small abominations
  A water moccasin skeleton (D:4)
  15 killer bees
  7 wights (D:6)
  3 electric eels
  A bullfrog zombie (D:5)
  A quasit (Abyss:3)
  13 centaur zombies
  4 gnoll shamans
  A jelly (Lair:6)
  2 centaur skeletons
  A hound (D:5)
  15 orc priests
  A bullfrog skeleton (D:5)
  6 iguanas
  29 orc wizards
  The ghost of pentaflop the Chopper, a weakling HOMo (D:3)
  A hound zombie (D:4)
  A hound skeleton (D:4)
  Robin (D:3)
  A howler monkey skeleton (D:5)
  6 adders
  35 gnolls
  An ufetubus (D:4)
  4 adder skeletons
  2 worms (D:3)
  3 dart slugs
  78 orcs
  9 endoplasms
  3 giant cockroaches
  18 goblins
  12 hobgoblins
  4 quokkas
  5 ball pythons
  3 bats
  A frilled lizard (D:2)
  18 kobolds
  3 rats
  A bush (Lair:2)
  A fulminant prism (Lair:1)
  A starspawn tentacle (Abyss:3)
1053 creatures vanquished.

Vanquished Creatures (others)
  A boulder beetle (Lair:2)
  A two-headed ogre (D:13)
  A shock serpent (Snake:2)
  A cyclops (D:13)
  An ugly thing (Lair:6)
  A blink frog (Lair:6)
  A water elemental (Elf:1)
  A human (D:13)
  2 yaks (Lair:5)
  A chaos spawn (Lair:6)
  A vampire mosquito (D:13)
  A naga (Snake:2)
  An orc priest (Orc:2)
  An orc wizard (Orc:2)
  2 bushes (D:10)
  88 fulminant prisms
  45 fungi
  56 plants
  A starspawn tentacle (Abyss:3)
207 creatures vanquished.

Grand Total: 1260 creatures vanquished

Notes
Turn   | Place    | Note
-------+----------+-------------------------------------------
     0 | D:1      | Rickety the Gnoll Conjurer began the quest for the Orb.
     0 | D:1      | Reached XP level 1. HP: 13/13 MP: 6/6
   573 | D:1      | Reached XP level 2. HP: 20/20 MP: 3/7
   576 | D:1      | Learned a level 2 spell: Searing Ray
  1131 | D:2      | Found a faded altar of an unknown god.
  1479 | D:2      | Reached XP level 3. HP: 25/25 MP: 6/9
  1592 | D:2      | Reached skill level 5 in Spellcasting
  1705 | D:2      | Found a shimmering altar of Xom.
  2025 | D:3      | Reached skill level 1 in Invocations
  2333 | D:3      | Noticed Robin
  2340 | D:3      | Reached skill level 1 in Fighting
  2340 | D:3      | Reached skill level 1 in Short Blades
  2340 | D:3      | Reached skill level 1 in Long Blades
  2340 | D:3      | Reached skill level 1 in Axes
  2340 | D:3      | Reached skill level 1 in Maces & Flails
  2340 | D:3      | Reached skill level 1 in Polearms
  2340 | D:3      | Reached skill level 1 in Staves
  2340 | D:3      | Reached skill level 1 in Slings
  2340 | D:3      | Reached skill level 1 in Bows
  2340 | D:3      | Reached skill level 1 in Crossbows
  2340 | D:3      | Reached skill level 1 in Throwing
  2340 | D:3      | Reached skill level 1 in Armour
  2340 | D:3      | Reached skill level 1 in Shields
  2340 | D:3      | Reached skill level 1 in Unarmed Combat
  2340 | D:3      | Reached skill level 1 in Evocations
  2347 | D:3      | Killed Robin
  2348 | D:3      | Reached XP level 4. HP: 27/32 MP: 1/11
  2527 | D:3      | Reached skill level 1 in Hexes
  2527 | D:3      | Reached skill level 1 in Summonings
  2527 | D:3      | Reached skill level 1 in Necromancy
  2527 | D:3      | Reached skill level 1 in Translocations
  2527 | D:3      | Reached skill level 1 in Transmutations
  2527 | D:3      | Reached skill level 1 in Fire Magic
  2527 | D:3      | Reached skill level 1 in Ice Magic
  2527 | D:3      | Reached skill level 1 in Air Magic
  2527 | D:3      | Reached skill level 1 in Earth Magic
  2527 | D:3      | Reached skill level 1 in Poison Magic
  2926 | D:3      | Reached XP level 5. HP: 37/37 MP: 2/12
  3589 | D:3      | Found a runed translucent gate.
  3590 | D:3      | Found a runed translucent gate.
  3591 | D:3      | Found a runed translucent gate.
  3593 | D:3      | Noticed pentaflop's ghost (weakling HOMo)
  3595 | D:3      | Identified the +9 mace of the Pill Bug {pain, rPois Will+}
  3595 | D:3      | Identified the +0 ring mail "Wuhiah" {Dex+4 SInv Stlth+}
  3848 | D:4      | Found a stormy altar of Qazlal.
  3848 | D:4      | Found a white marble altar of Elyvilon.
  3849 | D:4      | Found a shadowy altar of Dithmenos.
  3849 | D:4      | Found a basalt altar of Yredelemnul.
  3925 | D:4      | Reached XP level 6. HP: 44/44 MP: 11/13
  3928 | D:4      | Learned a level 2 spell: Poisonous Vapours
  4499 | D:4      | Reached skill level 5 in Dodging
  4499 | D:4      | Reached skill level 2 in Unarmed Combat
  5015 | D:4      | Reached XP level 7. HP: 45/50 MP: 5/15
  5098 | D:5      | Entered Level 5 of the Dungeon
  5403 | D:5      | Reached skill level 3 in Unarmed Combat
  5542 | D:5      | Reached skill level 5 in Stealth
  5901 | D:5      | Reached XP level 8. HP: 57/57 MP: 9/16
  6004 | D:5      | Found an iron altar of Okawaru.
  6005 | D:5      | Noticed a yak
  6005 | D:5      | Noticed a yak
  6005 | D:5      | Noticed a yak
  6006 | D:5      | Noticed a yak
  6010 | D:5      | Killed a yak
  6010 | D:5      | Noticed a yak
  6011 | D:5      | Noticed a yak
  6013 | D:5      | Killed a yak
  6014 | D:5      | Reached skill level 4 in Unarmed Combat
  6017 | D:5      | Killed a yak
  6017 | D:5      | Killed a yak
  6070 | D:5      | Killed a yak
  6264 | D:5      | Reached skill level 5 in Unarmed Combat
  6264 | D:5      | Reached XP level 9. HP: 65/65 MP: 10/18
  6269 | D:5      | Learned a level 4 spell: Fulminant Prism
  6274 | D:5      | Learned a level 4 spell: Iskenderun's Mystic Blast
  6598 | D:5      | Found an ancient bone altar of Kikubaaqudgha.
  6914 | D:5      | Found a staircase to the Ecumenical Temple.
  8055 | Temple   | Entered the Ecumenical Temple
  8296 | Temple   | Became a worshipper of Vehumet
  8500 | D:6      | Reached skill level 6 in Unarmed Combat
  8619 | D:6      | Found a hide-covered altar of Uskayaw.
  8729 | D:6      | Reached skill level 5 in Invocations
  9048 | D:7      | Noticed a kobold demonologist
  9053 | D:7      | Noticed an ice devil
  9054 | D:7      | Killed a kobold demonologist
  9354 | D:7      | Reached XP level 10. HP: 73/73 MP: 8/20
 10038 | D:7      | Reached skill level 5 in Fighting
 10038 | D:7      | Reached skill level 5 in Short Blades
 10038 | D:7      | Reached skill level 5 in Long Blades
 10038 | D:7      | Reached skill level 5 in Axes
 10038 | D:7      | Reached skill level 5 in Maces & Flails
 10038 | D:7      | Reached skill level 5 in Polearms
 10038 | D:7      | Reached skill level 5 in Staves
 10038 | D:7      | Reached skill level 5 in Slings
 10038 | D:7      | Reached skill level 5 in Bows
 10038 | D:7      | Reached skill level 5 in Crossbows
 10038 | D:7      | Reached skill level 5 in Throwing
 10038 | D:7      | Reached skill level 5 in Armour
 10038 | D:7      | Reached skill level 5 in Shields
 10038 | D:7      | Reached skill level 5 in Evocations
 10393 | D:7      | Reached * piety under Vehumet
 10393 | D:7      | Offered knowledge of Freeze by Vehumet.
 10428 | D:7      | Found a shimmering blue altar of Sif Muna.
 10646 | D:7      | Reached skill level 7 in Unarmed Combat
 11216 | D:8      | Learned a level 3 spell: Summon Guardian Golem
 11309 | D:8      | Found a flagged portal.
 11318 | Bailey   | Entered a bailey
 11962 | Bailey   | Found a bloodstained altar of Trog.
 12381 | D:8      | Found a sacrificial altar of Ru.
 12582 | D:8      | Offered knowledge of Static Discharge by Vehumet.
 12718 | D:8      | Reached ** piety under Vehumet
 13769 | D:9      | Noticed Erolcha
 14489 | D:9      | Offered knowledge of Frozen Ramparts by Vehumet.
 14626 | D:9      | Cast into level 2 of the Abyss (Erolcha)
 14683 | D:9      | Escaped the Abyss
 14690 | D:9      | Killed Erolcha
 14691 | D:9      | Reached skill level 8 in Unarmed Combat
 14691 | D:9      | Reached XP level 11. HP: 81/81 MP: 8/22
 15086 | D:9      | Reached skill level 5 in Hexes
 15086 | D:9      | Reached skill level 5 in Summonings
 15086 | D:9      | Reached skill level 5 in Necromancy
 15086 | D:9      | Reached skill level 5 in Translocations
 15086 | D:9      | Reached skill level 5 in Transmutations
 15086 | D:9      | Reached skill level 5 in Fire Magic
 15086 | D:9      | Reached skill level 5 in Ice Magic
 15086 | D:9      | Reached skill level 5 in Air Magic
 15086 | D:9      | Reached skill level 5 in Earth Magic
 15086 | D:9      | Reached skill level 5 in Poison Magic
 15300 | D:9      | Reached *** piety under Vehumet
 15496 | D:9      | Learned a level 5 spell: Freezing Cloud
 15507 | D:10     | Entered Level 10 of the Dungeon
 15593 | D:10     | Noticed a two-headed ogre
 15821 | D:10     | Killed a two-headed ogre
 15836 | D:10     | Noticed a two-headed ogre
 15850 | D:10     | Killed a two-headed ogre
 16213 | D:10     | Noticed a two-headed ogre
 16230 | D:10     | Killed a two-headed ogre
 16231 | D:10     | Reached skill level 9 in Unarmed Combat
 16465 | D:10     | Found a bloodstained altar of Trog.
 16467 | D:10     | Found a staircase to the Lair.
 16917 | Lair:1   | Entered Level 1 of the Lair of Beasts
 17089 | D:10     | HP: 2/83 [poisoned by a cane toad]
 17392 | Lair:1   | You fall into a shaft and drop 1 floor!
 17395 | Lair:2   | Noticed a catoblepas
 17422 | Lair:2   | Offered knowledge of Hailstorm by Vehumet.
 17519 | Lair:1   | Learned a level 2 spell: Sublimation of Blood
 17557 | Lair:1   | Reached XP level 12. HP: 89/89 MP: 15/24
 18735 | Lair:2   | Noticed an eight-headed hydra
 18742 | Lair:2   | Killed an eight-headed hydra
 18808 | Lair:2   | Noticed a boulder beetle
 18879 | Lair:2   | Killed a boulder beetle
 18880 | Lair:2   | Reached skill level 10 in Unarmed Combat
 19054 | Lair:2   | Found an ornate altar of the Wu Jian Council.
 19054 | Lair:2   | Found a hide-covered altar of Uskayaw.
 19101 | Lair:2   | Noticed Harold
 19130 | Lair:2   | Killed Harold
 19132 | Lair:2   | Noticed a catoblepas
 19200 | Lair:2   | Killed a catoblepas
 19217 | Lair:2   | Killed a catoblepas
 19345 | Lair:2   | Found a staircase to the Shoals.
 19355 | Lair:2   | Noticed a seven-headed hydra
 19362 | Lair:2   | Killed a seven-headed hydra
 19633 | Lair:2   | Identified the +10 long sword "Ucyxughifi" {drain, rN+
                  | Str+2 Int+3 Dex+3}
 20033 | Lair:3   | Noticed a seven-headed hydra
 20034 | Lair:3   | Noticed Sonja
 20094 | Lair:3   | Noticed a five-headed hydra
 20101 | Lair:3   | Killed a five-headed hydra
 20290 | Lair:3   | You fall into a shaft and drop 2 floors!
 20342 | Lair:5   | Reached **** piety under Vehumet
 20365 | Lair:5   | Reached XP level 13. HP: 90/98 MP: 26/26
 20388 | Lair:5   | Offered knowledge of Lee's Rapid Deconstruction by Vehumet.
 20400 | Lair:5   | Learned a level 5 spell: Lee's Rapid Deconstruction
 20674 | Lair:3   | Reached skill level 11 in Unarmed Combat
 21468 | Lair:4   | Found a staircase to the Snake Pit.
 22180 | Lair:5   | Reached skill level 10 in Conjurations
 22348 | Lair:5   | Reached ***** piety under Vehumet
 22352 | Lair:5   | HP: 3/99 [death yak (24)]
 22358 | Lair:5   | Offered knowledge of Starburst by Vehumet.
 22679 | Lair:5   | Reached skill level 10 in Spellcasting
 23750 | Lair:6   | Entered Level 6 of the Lair of Beasts
 23766 | Lair:6   | Found a staircase to the Slime Pits.
 23928 | Lair:6   | Reached XP level 14. HP: 106/106 MP: 25/28
 23946 | Lair:6   | Reached skill level 10 in Dodging
 23946 | Lair:6   | Reached skill level 12 in Unarmed Combat
 24263 | Lair:6   | Found a dark tunnel.
 24268 | Volcano  | Entered a volcano
 24388 | Volcano  | Found a bloodstained altar of Trog.
 24408 | Volcano  | Reached skill level 10 in Stealth
 24960 | Volcano  | Reached skill level 10 in Invocations
 27012 | Lair:6   | Identified the +8 dagger of True Grit {vamp, *Noise +Blink
                  | Int+4}
 27051 | Lair:6   | Found a corrupted altar of Lugonu.
 27051 | Lair:6   | Found a one-way gate to the infinite horrors of the Abyss.
 27055 | Lair:6   | Identified the +0 ring mail "Rativoq" {Stlth+}
 27438 | Lair:3   | Killed Sonja
 27708 | D:11     | Found a staircase to the Orcish Mines.
 27776 | D:11     | Noticed Erica
 27784 | D:11     | Killed Erica
 27881 | D:11     | Found a runed translucent gate.
 27881 | D:11     | Found a runed translucent gate.
 27883 | D:11     | Found a runed translucent gate.
 27885 | D:11     | Noticed reversiblehash's ghost (journeyman MiFi)
 28777 | Orc:1    | Entered Level 1 of the Orcish Mines
 28949 | D:12     | Reached skill level 13 in Unarmed Combat
 29133 | D:11     | Reached XP level 15. HP: 74/115 MP: 11/29
 29258 | D:12     | Noticed Nessos
 29264 | D:12     | Killed Nessos
 29461 | D:12     | Offered knowledge of Airstrike by Vehumet.
 30669 | D:13     | Reached skill level 10 in Fighting
 30669 | D:13     | Reached skill level 10 in Short Blades
 30669 | D:13     | Reached skill level 10 in Long Blades
 30669 | D:13     | Reached skill level 10 in Axes
 30669 | D:13     | Reached skill level 10 in Maces & Flails
 30669 | D:13     | Reached skill level 10 in Polearms
 30669 | D:13     | Reached skill level 10 in Staves
 30669 | D:13     | Reached skill level 10 in Slings
 30669 | D:13     | Reached skill level 10 in Bows
 30669 | D:13     | Reached skill level 10 in Crossbows
 30669 | D:13     | Reached skill level 10 in Throwing
 30669 | D:13     | Reached skill level 10 in Armour
 30669 | D:13     | Reached skill level 10 in Shields
 30669 | D:13     | Reached skill level 10 in Evocations
 30714 | D:13     | Found a basalt altar of Yredelemnul.
 31358 | D:13     | Found a gate to the Vaults.
 32108 | Orc:1    | Noticed Fannar
 32120 | Orc:1    | Killed Fannar
 32417 | Orc:2    | Entered Level 2 of the Orcish Mines
 32417 | Orc:2    | Found a staircase to the Elven Halls.
 32525 | Orc:2    | Found Udeosu's Assorted Antiques.
 32540 | Orc:2    | Bought a potion of curing for 63 gold pieces
 32540 | Orc:2    | Bought a scroll of identify for 42 gold pieces
 33140 | Orc:2    | Offered knowledge of Conjure Ball Lightning by Vehumet.
 33630 | Orc:2    | Found Dyuwn's Distillery.
 33630 | Orc:2    | Found Totyr's Distillery.
 33632 | Orc:2    | Found Qitimadgh's Armour Shop.
 33632 | Orc:2    | Found Cuakhyc's Distillery.
 33672 | Orc:2    | Bought a potion of heal wounds for 60 gold pieces
 33672 | Orc:2    | Bought a potion of heal wounds for 60 gold pieces
 33672 | Orc:2    | Bought a potion of heal wounds for 60 gold pieces
 33672 | Orc:2    | Bought a potion of cancellation for 96 gold pieces
 33672 | Orc:2    | Bought a potion of might for 48 gold pieces
 33672 | Orc:2    | Bought a potion of curing for 36 gold pieces
 33672 | Orc:2    | Bought a potion of curing for 36 gold pieces
 33675 | Orc:2    | Bought a potion of heal wounds for 70 gold pieces
 33675 | Orc:2    | Bought a potion of curing for 42 gold pieces
 33675 | Orc:2    | Bought a potion of curing for 42 gold pieces
 33677 | Orc:2    | Bought a potion of curing for 48 gold pieces
 33677 | Orc:2    | Bought a potion of curing for 48 gold pieces
 33677 | Orc:2    | Bought a potion of heal wounds for 80 gold pieces
 33677 | Orc:2    | Bought a potion of degeneration for 16 gold pieces
 34512 | D:14     | Reached skill level 14 in Unarmed Combat
 34516 | D:14     | Reached XP level 16. HP: 103/123 MP: 10/31
 34519 | D:14     | HP: 6/123 [centaur warrior/arrow (12)]
 36065 | D:15     | Entered Level 15 of the Dungeon
 36271 | D:15     | Noticed Louise
 36283 | D:15     | Killed Louise
 37118 | D:15     | Offered knowledge of Lightning Bolt by Vehumet.
 37405 | D:15     | Found a staircase to the Depths.
 37700 | D:15     | Found a shimmering altar of Xom.
 37702 | D:15     | Found a glowing golden altar of the Shining One.
 37702 | D:15     | Found a bloodstained altar of Trog.
 37704 | D:15     | Found a shadowy altar of Dithmenos.
 37704 | D:15     | Found a burning altar of Makhleb.
 37704 | D:15     | Found an ancient bone altar of Kikubaaqudgha.
 38056 | Snake:1  | Entered Level 1 of the Snake Pit
 39866 | Snake:2  | Noticed Donald
 39882 | Snake:2  | Killed Donald
 40988 | Snake:2  | Noticed Azrael
 40992 | Snake:2  | Killed Azrael
 41084 | Snake:2  | Reached skill level 15 in Unarmed Combat
 41111 | Snake:2  | Reached XP level 17. HP: 77/131 MP: 22/33
 41657 | Snake:2  | Identified the +6 hand axe of Titusaigh {vorpal, rElec
                  | Dex+2 SInv}
 42198 | Snake:2  | Found a runed translucent door.
 43171 | Snake:3  | Noticed Asterion
 43182 | Snake:3  | Killed Asterion
 43642 | Snake:3  | Noticed Vashnia
 43649 | Snake:3  | Killed Vashnia
 44483 | Snake:3  | Noticed Saint Roka
 44494 | Snake:3  | Killed Saint Roka
 44989 | Snake:3  | Reached ****** piety under Vehumet
 45071 | Snake:3  | Identified the +4 great sword "Bint" {vorpal, rCorr}
 45822 | Snake:4  | Entered Level 4 of the Snake Pit
 45822 | Snake:4  | Noticed Roxanne
 45887 | Snake:4  | Noticed Aizul
 45900 | Snake:4  | Reached skill level 10 in Hexes
 45900 | Snake:4  | Reached skill level 10 in Summonings
 45900 | Snake:4  | Reached skill level 10 in Necromancy
 45900 | Snake:4  | Reached skill level 10 in Translocations
 45900 | Snake:4  | Reached skill level 10 in Transmutations
 45900 | Snake:4  | Reached skill level 10 in Fire Magic
 45900 | Snake:4  | Reached skill level 10 in Ice Magic
 45900 | Snake:4  | Reached skill level 10 in Air Magic
 45900 | Snake:4  | Reached skill level 10 in Earth Magic
 45900 | Snake:4  | Reached skill level 10 in Poison Magic
 45903 | Snake:3  | Killed Aizul
 46865 | Snake:4  | Found a runed translucent gate.
 46865 | Snake:4  | Found a runed translucent gate.
 46865 | Snake:4  | Found a runed translucent gate.
 46865 | Snake:4  | Noticed bnorton916's ghost (adept DECj)
 46893 | Snake:4  | Offered knowledge of Iron Shot by Vehumet.
 47613 | Snake:4  | Killed Roxanne
 47663 | Snake:4  | Reached XP level 18. HP: 125/140 MP: 13/34
 47676 | Snake:4  | Learned a level 6 spell: Iron Shot
 48211 | Snake:4  | Reached skill level 16 in Unarmed Combat
 49189 | Snake:4  | Got a serpentine rune of Zot
 49342 | Snake:4  | Killed bnorton916's ghost
 49953 | D:11     | Killed reversiblehash's ghost
 50257 | D:3      | Killed pentaflop's ghost
 51051 | Snake:2  | Learned a level 4 spell: Olgreb's Toxic Radiance
 51211 | Lair:1   | Identified a scroll of acquirement
 51212 | Lair:1   | Acquired an Everburning Encyclopedia
 51218 | Lair:1   | Learned a level 3 spell: Ignite Poison
 51297 | Elf:1    | Entered Level 1 of the Elven Halls
 51301 | Elf:1    | Offered knowledge of Iskenderun's Battlesphere by Vehumet.
 51439 | Elf:1    | Cast into level 3 of the Abyss (a deep elf demonologist)
 51685 | Elf:1    | Escaped the Abyss
 51690 | Elf:1    | Noticed a Brimstone Fiend
 53163 | Elf:2    | Noticed a Tzitzimitl
 53165 | Elf:2    | Reached XP level 19. HP: 107/147 MP: 24/36
 53206 | Elf:2    | Found Peguttek's Assorted Antiques.
 53211 | Elf:2    | Found Keikkeeh's Distillery.
 53211 | Elf:2    | Found Sieqit's Jewellery Shop.
 53217 | Elf:2    | Found Waenep's Distillery.
 53223 | Elf:2    | Bought 2 potions of magic for 288 gold pieces
 53223 | Elf:2    | Bought a potion of ambrosia for 144 gold pieces
 53223 | Elf:2    | Bought a potion of invisibility for 144 gold pieces
 53223 | Elf:2    | Bought 2 potions of curing for 108 gold pieces
 53226 | Elf:2    | Bought a potion of heal wounds for 85 gold pieces
 53226 | Elf:2    | Bought a potion of heal wounds for 85 gold pieces
 53226 | Elf:2    | Bought a potion of curing for 51 gold pieces
 53226 | Elf:2    | Bought a potion of curing for 51 gold pieces
 53226 | Elf:2    | Bought a potion of curing for 51 gold pieces
 53226 | Elf:2    | Bought 2 potions of curing for 102 gold pieces
 53226 | Elf:2    | Bought a potion of curing for 51 gold pieces
 53226 | Elf:2    | Bought a potion of curing for 51 gold pieces
 53226 | Elf:2    | Bought a potion of curing for 51 gold pieces
 53226 | Elf:2    | Bought a potion of curing for 51 gold pieces
 53959 | Elf:2    | Found a runed translucent gate.
 53960 | Elf:2    | Found a runed translucent gate.
 53960 | Elf:2    | Found a runed translucent gate.
 54185 | Elf:3    | Entered Level 3 of the Elven Halls
 54640 | Elf:3    | Found Agaem's Antique Armour Shoppe.
 54672 | Elf:3    | Reached skill level 17 in Unarmed Combat
 55715 | Elf:3    | Offered knowledge of Lehudib's Crystal Spear by Vehumet.
 55910 | Elf:3    | Identified the +8 war axe "Tayj" {speed, rF+ rC- Int+7}
 55914 | Elf:3    | Identified the ring "Viunt" {Ice Int+4}
 55949 | Elf:3    | Killed from afar by a deep elf sorcerer

Illustrated notes

Levels and vault maps discovered:
D:1:      dpeg_arrival_long_road, layout_loops_corners
D:2:      layout_basic, serial_aquarium, aquarium_bridge_straight
          [aquarium_subvault_bridge, aquarium_subvault_wall,
          aquarium_subvault_bridge, aquarium_subvault_window],
          aquarium_bridge_straight [aquarium_subvault_bridge,
          aquarium_subvault_wall, aquarium_subvault_bridge,
          aquarium_subvault_balcony], aquarium_window_corridor_1,
          aquarium_window_2, aquarium_window_1, aquarium_view_2e,
          aquarium_balcony_5b, shapermc_ecumenical_altar_mp_vishouse,
          basic_altar, minmay_bisected
D:3:      layout_basic, biasface_ghost_orc_armoury, minmay_misc_feat_enclosed,
          chequers_garden, uniq_robin
D:4:      layout_loops_corners, mainiacjoe_overflow_alcove_3, nzn_random_ring
D:5:      layout_basic, overflow_temple_1_default,
          mainiacjoe_overflow_concentric_impassable,
          minmay_temple_entry_from_below_b, grunt_ministairs_2,
          kennysheep_generic_room_16
D:6:      layout_gridville, mainiacjoe_overflow_24_doors,
          hangedman_abyss_or_decor_lesser_grid
D:7:      layout_loops_ring, general_overflow_altar
D:8:      layout_layer_cave, nicolae_ru_awakened_eye, enter_bailey_4
D:9:      layout_irregular_city, uniq_erolcha
D:10:     layout_big_octagon, trog_butcher_becter, minmay_lair_entry_grove
D:11:     layout_loops_cross, orc_0_dummy, gammafunk_ghost_spectres,
          minivault_22, uniq_erica
D:12:     layout_small_grid, special_room [special_room_orc], minmay_bent,
          uniq_nessos
D:13:     layout_roguey, ximxim_vaults_locker_room,
          nicolae_yredelemnul_corpse_copse
D:14:     layout_cave_pools, drop_trap
D:15:     grunt_enter_depths_magical_seal, layout_basic, doesnt_xom_only_xom,
          minmay_crystal_water, grunt_decor_one_mirror, uniq_louise
Temple:   hc_temple_tempest_star
Lair:1:   layout_long_grid, dpeg_stationary_puzzle, serial_bayou_shore_b,
          serial_bayou_shore_b
Lair:2:   layout_gridlike, minmay_shoals_entry_centaurs,
          nzn_masters_of_martial_movement, uniq_harold
Lair:3:   layout_roguey, uniq_sonja
Lair:4:   layout_loops_ring, guppyfry_snake_entry_island
Lair:5:   layout_cave_pods
Lair:6:   hellmonk_lair_end_abyssal_woods, layout_gridlike,
          nicolae_slime_entry_slimehenge, enter_volcano_4, serial_bayou_shore_b
Snake:1:  layout_layer_cave
Snake:2:  layout_misc_corridors, special_room, lightli_airlock, uniq_donald,
          uniq_azrael
Snake:3:  layout_concentric_octagons, uniq_saint_roka, uniq_asterion,
          uniq_vashnia
Snake:4:  snake_pit_salamanders_mu, layout_rooms, gammafunk_ghost_necromancy,
          lemuel_fruit_tree, uniq_aizul, uniq_roxanne
Orc:1:    layout_diamond_mine, basic_altar, uniq_fannar
Orc:2:    grunt_orc_tribal_feast, layout_caves, serial_shops,
          nicolae_lakefront_shop
Elf:1:    elf_arrival_002, layout_geoelf_octagon, hangedman_elf_represent
Elf:2:    nicolae_elf_blades_crystal_corner, layout_loops_corners, st_stairs_14,
          minmay_shoptagon
Elf:3:    minmay_elf_hall_spiked, layout_geoelf_octagon, serial_shops, shop,
          grunt_ministairs_14

Skill      XL: |  1  2  3  4  5  6  7  8  9 10 11 12 13 14 15 16 17 18 19 |
---------------+----------------------------------------------------------+-----
Spellcasting   | 5 6 7 8 9 10 11 12 13 | 13.6
Invocations    | 1 2 3 4 5 6 7 8 9 10 11 12 13 | 13.9
Fighting       | 1 2 3 4 5 6 7 8 9 10 11 12 | 12.9
Short Blades   | 1 2 3 4 5 6 7 8 9 10 11 12 | 12.9
Long Blades    | 1 2 3 4 5 6 7 8 9 10 11 12 | 12.9
Axes           | 1 2 3 4 5 6 7 8 9 10 11 12 | 12.9
Maces & Flails | 1 2 3 4 5 6 7 8 9 10 11 12 | 12.9
Polearms       | 1 2 3 4 5 6 7 8 9 10 11 12 | 12.9
Staves         | 1 2 3 4 5 6 7 8 9 10 11 12 | 12.9
Slings         | 1 2 3 4 5 6 7 8 9 10 11 12 | 12.9
Bows           | 1 2 3 4 5 6 7 8 9 10 11 12 | 12.9
Crossbows      | 1 2 3 4 5 6 7 8 9 10 11 12 | 12.9
Throwing       | 1 2 3 4 5 6 7 8 9 10 11 12 | 12.9
Armour         | 1 2 3 4 5 6 7 8 9 10 11 12 | 12.9
Shields        | 1 2 3 4 5 6 7 8 9 10 11 12 | 12.9
Unarmed Combat | 1 2 3 5 6 8 9 10 11 13 14 15 16 17 | 17.2
Evocations     | 1 2 3 4 5 6 7 8 9 10 11 12 | 12.9
Hexes          | 1 2 3 4 5 6 7 8 9 10 11 | 11.0
Summonings     | 1 2 3 4 5 6 7 8 9 10 11 | 11.0
Necromancy     | 1 2 3 4 5 6 7 8 9 10 11 | 11.0
Translocations | 1 2 3 4 5 6 7 8 9 10 11 | 11.0
Transmutations | 1 2 3 4 5 6 7 8 9 10 11 | 11.0
Fire Magic     | 1 2 3 4 5 6 7 8 9 10 11 | 11.0
Ice Magic      | 1 2 3 4 5 6 7 8 9 10 11 | 11.0
Air Magic      | 1 2 3 4 5 6 7 8 9 10 11 | 11.0
Earth Magic    | 1 2 3 4 5 6 7 8 9 10 11 | 11.0
Poison Magic   | 1 2 3 4 5 6 7 8 9 10 11 | 11.0
Dodging        | 5 6 7 8 9 10 11 12 13 | 13.5
Stealth        | 5 6 7 8 9 10 11 12 13 | 13.4
Conjurations   | 8 9 10 11 12 | 12.8

Action                   |  1- 3 |  4- 6 |  7- 9 | 10-12 | 13-15 | 16-18 | 19-21 || total
-------------------------+-------+-------+-------+-------+-------+-------+-------++-------
Melee: Dagger            |       |    35 |    32 |    49 |    46 |     2 |       ||   164
       Bite              |       |     4 |     3 |     4 |     3 |     1 |       ||    15
       Punch             |       |     1 |       |       |       |       |       ||     1
       Staff             |       |       |       |       |       |     4 |       ||     4
 Cast: Magic Dart        |    48 |    60 |    26 |    32 |    47 |    28 |       ||   241
       Searing Ray       |     9 |    22 |    39 |    71 |    79 |    24 |       ||   244
       Poisonous Vapours |       |       |    23 |   209 |   249 |    49 |       ||   530
       Fulminant Prism   |       |       |     7 |    45 |    11 |    25 |     1 ||    89
       Iskenderun's Myst |       |       |     1 |    52 |   177 |    76 |     2 ||   308
       Freezing Cloud    |       |       |       |    24 |    83 |    92 |     1 ||   200
       Summon Guardian G |       |       |       |     6 |    20 |     3 |     1 ||    30
       Sublimation of Bl |       |       |       |    42 |   171 |   145 |    15 ||   373
       Lee's Rapid Decon |       |       |       |       |   127 |   272 |     5 ||   404
       Iron Shot         |       |       |       |       |       |    93 |    39 ||   132
       Ignite Poison     |       |       |       |       |       |     6 |    18 ||    24
       Olgreb's Toxic Ra |       |       |       |       |       |     5 |    11 ||    16
Evoke: Wand              |       |       |       |     6 |       |       |       ||     6
       Tin of tremorston |       |       |       |       |       |       |     1 ||     1
  Use: Potion            |       |       |       |     1 |     2 |     5 |       ||     8
       Scroll            |       |       |       |    10 |     5 |    10 |     3 ||    28
 Stab: Sleeping          |       |       |       |     1 |     3 |     2 |       ||     6
       Distracted        |       |       |       |       |     1 |       |       ||     1
Armor: Robe              |     1 |    14 |    10 |    19 |     1 |    18 |     1 ||    64
       Troll leather arm |       |       |       |    24 |    89 |       |       ||   113
Dodge: Dodged            |       |    22 |    44 |   146 |   169 |    74 |     6 ||   461
Block: Buckler           |       |       |       |    66 |   152 |    57 |     6 ||   281
       Reflection        |       |       |       |       |    19 |    34 |     3 ||    56
